 Dungeon Crawl Stone Soup version 0.27.1-2-g3b301248ec (webtiles) character file.

Game seed: 18427000266577679628

34 barney the Ruffian (level 3, -2/28 HPs)
             Began as a Draconian Transmuter on Sept 27, 2021.
             Killed by miscasting Spider Form (10 damage)
             ... on level 2 of the Dungeon.
             The game lasted 00:01:33 (1561 turns).

barney the Ruffian (Draconian Transmuter)           Turns: 1561, Time: 00:01:34

Health: -2/28      AC:  5    Str: 12    XL:     3   Next: 14%
Magic:  1/6        EV: 12    Int: 14    God:
Gold:   68         SH:  0    Dex: 11    Spells: 2/6 levels left

rFire    . . .     SeeInvis .     - Unarmed
rCold    . . .     Faith    .   (no shield)
rNeg     . . .     Spirit   .   (armour unavailable)
rPois    .         Reflect  .   (helmet restricted)
rElec    .         Harm     .   (no cloak)
rCorr    .         Rampage  .   (no gloves)
Will     .....                  (no boots)
Stlth    +.........             (no amulet)
HPRegen  0.09/turn              (no ring)
MPRegen  0.10/turn              (no ring)

@: lethally poisoned (-2 -> -9), very slightly contaminated
A: AC +5, unfitting armour, cold-blooded
a: no special abilities


You were on level 2 of the Dungeon.
You visited 1 branch of the dungeon, and saw 3 of its levels.

You collected 68 gold pieces.

Inventory:

Scrolls
 a - 2 scrolls of blinking {unknown}
 c - a scroll of vulnerability {unknown}
 e - a scroll of holy word {unknown}
 h - 2 scrolls of identify {unknown}
 i - a scroll of teleportation {unknown}
 j - a scroll of torment {unknown}
Potions
 b - a potion of berserk rage {unknown}
 d - 2 potions of mutation {unknown}
 f - a potion of curing {unknown}
 g - a potion of brilliance {unknown}


   Skills:
 - Level 1.1 Fighting
 - Level 1.7 Dodging
 + Level 3.4 Unarmed Combat
 - Level 2.0 Spellcasting
 * Level 3.2 Transmutations


You had 2 spell levels left.
You knew the following spells:

 Your Spells              Type           Power      Damage    Failure   Level
a - Beastly Appendage     Tmut           20%        N/A       6%          1
b - Spider Form           Tmut/Pois      2%         N/A       36%         3

Your spell library contained the following spells:

 Spells                   Type           Power      Damage    Failure   Level
 Wereblood                Tmut           10%        N/A       10%         2
 Ice Form                 Ice/Tmut       5%         N/A       77%         4


Dungeon Overview and Level Annotations

Branches:
Dungeon (3/15)

Altars:

Shops:
D:1 =


Innate Abilities, Weirdness & Mutations

Your plain brown scales are hard. (AC +5)
You cannot fit into any form of body armour.
You are cold-blooded and may be slowed by cold attacks.


Message History

Unknown command.
An endoplasm comes into view.
Your transformation is almost over.
The endoplasm quivers.
The frilled lizard barely misses you.
You hit the frilled lizard.
You kill the frilled lizard!
A rat comes into view.
You hit the sky beast but do no damage.
The sky beast is poisoned.
A bat comes into view.
The sky beast closely misses you.
You barely miss the sky beast. The sky beast closely misses you.
You bite the sky beast!
The sky beast is moderately wounded.
The sky beast barely misses you.
You bite the sky beast!
The sky beast is heavily wounded.
The sky beast hits you. The sky beast shocks you.
You hit the sky beast.
The sky beast looks even sicker.
The sky beast is heavily wounded.
The sky beast hits you. The sky beast shocks you.
You are too injured to fight recklessly!
You are too injured to fight recklessly!
There is a stone staircase leading up here.
The sky beast misses you.
You climb upwards.
Your transformation has ended.
There is a stone staircase leading down here.
You barely miss the sky beast.
Your tail-slap misses the sky beast.
The sky beast is severely wounded.
The sky beast hits you. The sky beast shocks you.
* * * LOW HITPOINT WARNING * * *
Casting: Spider Form (extremely dangerous; 36% risk of failure)
Confirm with . or Enter, or press ? or * to list all spells.
The spell is extremely dangerous to cast (36% risk of failure)!
Continue anyway?
You miscast Spider Form.
You are very lightly contaminated with residual magic.
You feel odd!
You are poisoned.
You die...

#........#.#..
#........#.###
#........#^#
#..........#
#.........##
######.........####
#....#.....<......#
#....#.........##..
#.@Y.......(.......
#.....######..####.
#..............####
#.(..#######.#....#
#...>#######.#..#..
####.........##....
##.###....#####รท
##.###........#.
##........####...


You could see a sky beast (very poisoned).

Vanquished Creatures
  A dart slug (D:2)
  4 ball pythons
  3 bats
  An endoplasm (D:1)
  2 goblins (D:2)
  5 hobgoblins (D:2)
  4 jackals (D:2)
  3 frilled lizards
  3 kobolds (D:1)
  4 rats (D:2)
30 creatures vanquished.

Notes
Turn   | Place    | Note
-------+----------+-------------------------------------------
     0 | D:1      | barney the Draconian Transmuter began the quest for the
                  | Orb.
     0 | D:1      | Reached XP level 1. HP: 16/16 MP: 3/3
   591 | D:1      | Found Edghomaon's Jewellery Emporium.
   765 | D:2      | Reached XP level 2. HP: 23/23 MP: 3/5
  1148 | D:2      | Reached XP level 3. HP: 28/28 MP: 6/6
  1152 | D:2      | Learned a level 3 spell: Spider Form
  1347 | D:2      | Found a faded altar of an unknown god.
  1547 | D:3      | Noticed a sky beast
  1561 | D:2      | Killed by miscasting Spider Form

Illustrated notes

Levels and vault maps discovered:
D:1:      dpeg_arrival_snail, layout_basic, serial_shops, shop,
          kennysheep_pointless_box, corexii_item_surrounded_by_moat
D:2:      layout_rooms, hellmonk_ecumenical_altar_inner_sanctum
D:3:      layout_rooms, nicolae_dithmenos_shadow_blocks,
          minmay_goblin_kobold_house

Skill      XL: |  1  2 |
---------------+-------+-----
Transmutations | 3 |  3.2
Fighting       | |  1.1
Dodging        | |  1.7
Unarmed Combat | |  3.4
Spellcasting   | |  2.0

Action                   || total
-------------------------++-------
Melee: Unarmed           ||   118
       Tailslap          ||     8
       Headbutt          ||     5
       Kick              ||     4
       Punch             ||     1
 Cast: Beastly Appendage ||     9
       Spider Form       ||     1
Armor: Skin              ||    43
Dodge: Dodged            ||    96
